 Dungeon Crawl Stone Soup version 0.17-a0-1651-gae1a69f (webtiles) character file.

483 shakdrar the Firebug (level 6, -6/32 HPs)
             Began as a Deep Elf Fire Elementalist on Aug 14, 2015.
             Mangled by an orc
             ... wielding a +0 hand axe
              (8 damage)
             ... on level 5 of the Dungeon.
             The game lasted 00:49:01 (5818 turns).

shakdrar the Firebug (Deep Elf Fire Elementalist)   Turns: 5818, Time: 00:49:01

Health: -6/32      AC:  3    Str:  6    XL:     6   Next: 88%
Magic:  1/14       EV: 18    Int: 21    God:
Gold:   156        SH:  0    Dex: 20    Spells: 4 memorised, 3 levels left

rFire  . . .     SeeInvis .     d - +3 hand axe (flame)
rCold  . . .     Clarity  .     a - +1 robe
rNeg   . . .     SustAt   .     (no shield)
rPois  .         Gourm    +     (no helmet)
rElec  .         Spirit   .     (no cloak)
rCorr  .         Warding  .     (no gloves)
rMut   .         Stasis   .     (no boots)
MR     .....                    c - amulet of the gourmand
Stlth  +++.......               (no ring)
                                (no ring)

@: agile, lethally poisoned (-6 -> -12), not resistant to hostile enchantments,
fairly stealthy
A: no striking features
a: no special abilities


You were on level 5 of the Dungeon.
You were not hungry.

You visited 1 branch of the dungeon, and saw 5 of its levels.

You collected 156 gold pieces.

Inventory:

Hand weapons
 d - a +3 hand axe of flaming (weapon)
 l - a +1 hand axe of distortion
Armour
 a - a +1 robe (worn)
Jewellery
 c - an amulet of the gourmand (around neck)
Scrolls
 h - a scroll of remove curse
Potions
 f - a potion of cure mutation
 g - a potion of agility
Books
 b - a book of Flames

   Spells                             Type                      Level
   a - Flame Tongue                   Conjuration/Fire             1
   b - Throw Flame                    Conjuration/Fire             2
   c - Conjure Flame                  Conjuration/Fire             3
   d - Inner Flame                    Hexes/Fire                   3
   e - Sticky Flame                   Conjuration/Fire             4
   f - Fireball                       Conjuration/Fire             5
 e - a book of Clouds

   Spells                             Type                      Level
   a - Mephitic Cloud                 Conjuration/Poison/Air       3
   b - Conjure Flame                  Conjuration/Fire             3
   c - Poisonous Cloud                Conjuration/Poison/Air       6
   d - Freezing Cloud                 Conjuration/Ice/Air          6
   e - Ring of Flames                 Charms/Fire                  7
Comestibles
 i - 8 fruits
 k - a bread ration


   Skills:
 - Level 2.4 Dodging
 - Level 2.4 Stealth
 - Level 4.1 Spellcasting
 + Level 4.0 Conjurations
 * Level 7.2 Fire Magic


You had 3 spell levels left.
You knew the following spells:

 Your Spells              Type           Power        Failure   Level  Hunger
a - Flame Tongue          Conj/Fire      ####.        1%          1    None
b - Throw Flame           Conj/Fire      ####..       1%          2    #......
c - Conjure Flame         Conj/Fire      ####....     3%          3    ###....
d - Sticky Flame          Conj/Fire      ####....     14%         4    ####...


Dungeon Overview and Level Annotations

Branches:
Dungeon (5/15)
 Temple: D:4-7

Altars:
Qazlal
Ru
The Shining One

Shops:
D:5 [

Annotations:
D:2 Ijyb


Message History

You feel a bit more experienced.
* * * LOW HITPOINT WARNING * * *
You feel sick.
* * * LOW HITPOINT WARNING * * *
You feel sick.
Things that are here:
a dagger; a robe
Casting: Throw Flame
Confirm with . or Enter, or press ? or * to list all spells.
Aiming: Throw Flame
Press: ? - help, Shift-Dir - straight line, f - orc
Aim: an orc, wielding a hand axe and wearing a leather armour The puff of flame hits the orc.
The orc is severely wounded.
The orc misses you.
You closely miss the orc.
The orc is severely wounded.
* * * LOW HITPOINT WARNING * * *
You feel sick. The orc hits you with a hand axe!
You die...

.. #...# #.#
#...# ..
#..o# #.
#...# #.#
#...# #..
#...#
#.######...#
#.....@o...#
##..######..#
#......##...#
#......##..##
#......##..#
#......##..#
#......'...#
#......###.#
#####o## #.#


You could see an orc.

Vanquished Creatures
  A giant frog skeleton (D:4)
  An orc wizard (D:5)
  A centaur skeleton (D:4)
  A hound (D:4)
  An iguana (D:3)
  2 worker ants (D:4)
  Robin (D:3)
  9 adders
  7 gnolls (D:3)
  An ooze (D:3)
  4 worms
  3 giant geckos
  7 orcs
  8 bats
  4 giant cockroaches
  20 goblins
  13 hobgoblins
  14 jackals
  A ball python (D:2)
  3 giant newts
  4 kobolds
  3 quokkas
  A quokka skeleton (D:4)
  9 rats
119 creatures vanquished.

Vanquished Creatures (others)
  A worker ant (D:5)
1 creature vanquished.

Grand Total: 120 creatures vanquished

Notes
Turn   | Place    | Note
--------------------------------------------------------------
     0 | D:1      | shakdrar the Deep Elf Fire Elementalist began the quest for the Orb.
     0 | D:1      | Reached XP level 1. HP: 10/10 MP: 6/6
   256 | D:1      | Gained mutation: You expend magic power (3 MP) to strengthen your wands. [potion of mutation]
   256 | D:1      | Gained mutation: Scrolls take you a little longer to read. [potion of mutation]
   256 | D:1      | Gained mutation: You evolve. [potion of mutation]
   504 | D:1      | Reached XP level 2. HP: 15/15 MP: 5/8
   554 | D:1      | Reached skill level 4 in Fire Magic
   745 | D:1      | Learned a level 2 spell: Throw Flame
   824 | D:1      | Lost mutation: You expend magic power (3 MP) to strengthen your wands. [evolution]
   965 | D:2      | Reached XP level 3. HP: 10/19 MP: 0/9
  1458 | D:2      | Reached skill level 5 in Fire Magic
  1764 | D:2      | Reached XP level 4. HP: 17/24 MP: 1/10
  1931 | D:2      | Noticed Ijyb
  2140 | D:3      | Found a stormy altar of Qazlal.
  2161 | D:3      | Gained mutation: You have a pair of small horns on your head. [evolution]
  2609 | D:3      | Reached skill level 6 in Fire Magic
  3112 | D:3      | Reached XP level 5. HP: 23/28 MP: 2/12
  3113 | D:3      | Gained mutation: Your spells are a little harder to cast, but a little more powerful. [evolution]
  3113 | D:3      | Lost mutation: You evolve. [end of evolution]
  3186 | D:3      | Noticed Robin
  3429 | D:3      | Killed Robin
  4023 | D:2      | Learned a level 3 spell: Conjure Flame
  4227 | D:3      | Found a sacrificial altar of Ru.
  4452 | D:3      | Found a glowing golden altar of the Shining One.
  4693 | D:4      | Reached XP level 6. HP: 32/32 MP: 11/14
  5232 | D:4      | Lost mutation: Scrolls take you a little longer to read. [potion of cure mutation]
  5232 | D:4      | Lost mutation: You have a pair of small horns on your head. [potion of cure mutation]
  5232 | D:4      | Lost mutation: Your spells are a little harder to cast, but a little more powerful. [potion of cure mutation]
  5604 | D:4      | Learned a level 4 spell: Sticky Flame
  5607 | D:4      | Reached skill level 7 in Fire Magic
  5758 | D:5      | Entered Level 5 of the Dungeon
  5781 | D:5      | Found Tagotz's Armour Emporium.
  5818 | D:5      | Mangled by an orc

Vault maps used:
D:1:      lightli_arrival_maybe_door_vault
D:2:      serial_forest, infiniplex_forest_end_2, infiniplex_forest_lined_3_way,
          infiniplex_forest_straight_1, infiniplex_forest_clump_long,
          infiniplex_forest_straight_1, infiniplex_forest_clump_diagonal,
          uniq_iyjb
D:3:      kennysheep_goblin_castle, nicolae_overflow_crystal_walls,
          nicolae_ru_the_path_less_chosen, lemuel_doored_altar
D:4:      first_bread
D:5:      kennysheep_mini_moat, nicolae_ossuary_entry_plus, serial_shops, shop,
          basic_altar

Action                   |  1- 3 |  4- 6 || total
-------------------------+-------+-------++-------
Melee: Unarmed           |     1 |     1 ||     2
       Hand axe          |       |    33 ||    33
 Cast: Flame Tongue      |    31 |       ||    31
       Throw Flame       |    32 |   156 ||   188
       Conjure Flame     |       |     2 ||     2
  Use: Potion            |     5 |     4 ||     9
       Scroll            |     4 |     6 ||    10
  Eat: Fruit             |     3 |       ||     3
       Bread ration      |     1 |       ||     1
       Chunk             |       |    14 ||    14
       Pizza             |       |     1 ||     1
